 Dungeon Crawl Stone Soup version 0.24-a0-581-gc0fa6600bf (webtiles) character file.

Game seed: 9646962542841192157

5 Jannitor the Ducker (level 1, 11/11 HPs)
             Began as a Spriggan Abyssal Knight on Aug 23, 2019.
             Was a Follower of Lugonu.
             Quit the game on level 1 of the Abyss.
             The game lasted 00:00:27 (288 turns).

Jannitor the Ducker (Spriggan Abyssal Knight)        Turns: 288, Time: 00:00:28

Health: 11/11      AC:  2    Str:  8    XL:     1   Next: 66%
Magic:  3/3        EV: 19    Int: 11    God:    Lugonu [*.....]
Gold:   0          SH:  0    Dex: 15    Spells: 0/0 levels left

rFire    . . .     SeeInvis +   a - +1 short sword
rCold    . . .     Gourm    .   (shield restricted)
rNeg     . . .     Faith    .   b - +0 robe
rPois    .         Spirit   .   (helmet restricted)
rElec    .         Reflect  .   (no cloak)
rCorr    .         Harm     .   (gloves unavailable)
MR       +....                  (boots unavailable)
Stlth    +.........             (no amulet)
HPRegen  0.00/turn              (no ring)
MPRegen  0.08/turn              (no ring)

@: non-regenerating, diseased, very quick
A: very small, unfitting armour, antennae 1, see invisible, dopey 1, herbivore,
speed 3, magic resistance 1, slow metabolism 2
a: Depart the Abyss, Renounce Religion


You were on level 1 of the Abyss.
You worshipped Lugonu.
Lugonu was aware of your devotion.
You were not hungry.

You visited 0 branches of the dungeon, and saw 0 of its levels.
You visited the Abyss 1 time.

Inventory:

Hand Weapons
 a - a +1 short sword (weapon)
Armour
 b - a +0 robe (worn)
Comestibles
 c - a ration


   Skills:
 + Level 2.5 Fighting
 + Level 2.3 Short Blades
 + Level 3.7 Dodging
 + Level 0.0 Stealth
 + Level 1.9 Invocations


You couldn't memorise any spells.
You didn't know any spells.
Your spell library was empty.

Dungeon Overview and Level Annotations

Branches:
Dungeon (0/15)

Altars:


Innate Abilities, Weirdness & Mutations

You are very small and have problems with some larger weapons.
You are too small for most types of armour.
You have supernaturally acute eyesight. (SInv)
You are a herbivore.
You cover ground extremely quickly.
You need to consume almost no food.
You have a pair of small antennae on your head.
You are dopey. (Int -2)
You are resistant to hostile enchantments. (MR+)


Message History

The ufetubus completely misses you. The ufetubus misses you. x3
You closely miss the ufetubus.
The ufetubus is almost dead.
The ufetubus hits you but does no damage.
The ufetubus hits you.
You hit the ufetubus.
You kill the ufetubus!
No target in view!
You start resting.
HP restored.
Unknown command.
You see here a dagger.
You see here a dagger.
A large abomination comes into view.
A raiju comes into view.
A small abomination comes into view.
An ancient zyme comes into view.
You feel yourself growing ill in the presence of the ancient zyme.
You feel ill.
Are you sure you want to abandon this character and quit the game? (Confirm with "yes".)

#### #@.# .
## ##.# #.
. ##x# # X
##.#### ...
## #.....#
# . . #
.###...#..#
.. ....
#.....# # .
# ....
##.##.##
##### ..
..### #.#.
.#.##.#..#


You could see an ancient zyme.

Vanquished Creatures
  An ufetubus (Abyss:1)
1 creature vanquished.

Notes
Turn   | Place    | Note
-------+----------+-------------------------------------------
     0 | Abyss:1  | Jannitor the Spriggan Abyssal Knight began the quest for
                  | the Orb.
     0 | Abyss:1  | Reached XP level 1. HP: 11/11 MP: 3/3
    66 | Abyss:1  | Gained mutation: You are dopey. (Int -2) [potion of
                  | mutation]
    66 | Abyss:1  | Gained mutation: You are resistant to hostile enchantments.
                  | (MR+) [potion of mutation]
    66 | Abyss:1  | Gained mutation: You have a pair of small antennae on your
                  | head. [potion of mutation]
   249 | Abyss:1  | Noticed a large abomination
   251 | Abyss:1  | Noticed a raiju
   270 | Abyss:1  | Noticed a small abomination
   280 | Abyss:1  | Noticed an ancient zyme
   288 | Abyss:1  | Quit the game

Levels and vault maps discovered:
Abyss:1

Action                   || total
-------------------------++-------
Melee: Short sword       ||     6
  Use: Potion            ||     1
Armor: Robe              ||     1
Dodge: Dodged            ||    13

Table legend:
 A = Non-vault XP
 B = Vault XP
 C = Vault XP percentage of total XP
 D = Non-vault monster count
 E = Vault monster count
 F = Vault count percentage of total count
                 A         B        C        D         E       F
            +---------+---------+-------+---------+---------+-------
      Total |       8 |       0 |   0.0 |       1 |       0 |   0.0
            +---------+---------+-------+---------+---------+-------
    Abyss:1 |       8 |       0 |   0.0 |       1 |       0 |   0.0
            +---------+---------+-------+---------+---------+-------
